 Dungeon Crawl Stone Soup version 0.21.0-30-g47ce8e4 (webtiles) character file.

3780 vishdafish the Poker (level 9, 0/61 HPs)
             Began as a Demonspawn Skald on Jan 28, 2018.
             Slain by a two-headed ogre
             ... wielding a +0 giant spiked club
              (23 damage)
             ... on level 8 of the Dungeon.
             The game lasted 00:28:22 (9622 turns).

vishdafish the Poker (Demonspawn Skald)             Turns: 9622, Time: 00:28:22

Health: 0/61       AC: 11    Str: 16    XL:     9   Next: 95%
Magic:  12/16      EV: 16    Int: 18    God:
Gold:   432        SH:  0    Dex: 18    Spells: 15/18 levels left

rFire    . . .     SeeInvis .   H - +4 war axe of Contradiction {chop, rC+}
rCold    + . .     Gourm    .   (no shield)
rNeg     . . .     Faith    .   i - +0 troll leather armour {Purgy}
rPois    .         Spirit   .   (helmet restricted)
rElec    .         Reflect  .   D - +1 cloak
rCorr    .         Harm     .   F - +0 pair of gloves {archery}
MR       .....                  (no boots)
Stlth    ++........             (no amulet)
HPRegen  0.60/turn              h - +5 ring of strength
MPRegen  0.15/turn              t - +5 ring of dexterity

@: infused (expiring)
A: horns 2, slimy green scales 2, powered by death 1, powered by pain 2
a: no special abilities


You were on level 8 of the Dungeon.
You were not hungry.

You visited 2 branches of the dungeon, and saw 9 of its levels.
You also visited: Sewer.

You collected 432 gold pieces.

Inventory:

Hand Weapons
 E - a +0 trident
 H - the +4 war axe of Contradiction (weapon) {chop, rC+}
   (You found it on level 7 of the Dungeon)

   It inflicts extra damage upon your enemies.
   It protects you from cold.
 I - a +4 war axe
Armour
 b - a +0 leather armour
 g - a +0 pair of gloves
 i - a +0 troll leather armour (worn) {Purgy}
 D - a +1 cloak (worn)
 F - a +0 pair of gloves of archery (worn)
Jewellery
 h - a +5 ring of strength (left hand)
 m - an uncursed ring of resist corrosion
 t - a +5 ring of dexterity (right hand)
Wands
 x - a wand of clouds (3)
 z - a wand of enslavement (15)
 J - a wand of digging (4)
Scrolls
 f - a scroll of teleportation
 j - 2 scrolls of enchant weapon {unknown}
 o - 5 scrolls of remove curse
 p - a scroll of magic mapping {unknown}
 r - 4 scrolls of fog {unknown}
 u - a scroll of enchant armour {unknown}
 v - a scroll of blinking {unknown}
 y - 7 scrolls of identify {unknown}
 B - a scroll of immolation {unknown}
 C - 5 scrolls of noise {unknown}
 L - a scroll of amnesia {unknown}
Potions
 a - 2 potions of ambrosia {unknown}
 e - a potion of flight {unknown}
 k - 5 potions of curing
 l - 3 potions of magic {unknown}
 n - a potion of mutation {unknown}
 q - 5 potions of heal wounds {unknown}
 s - a potion of brilliance {unknown}
 w - 3 potions of lignification {unknown}
 A - a potion of berserk rage {unknown}
 G - a potion of haste {unknown}
Books
 c - a book of Battle

   Spells                             Type                      Level
   a - Infusion                       Charms                       1
   b - Shroud of Golubria             Charms/Translocation         2
   c - Song of Slaying                Charms                       2
   d - Spectral Weapon                Hexes/Charms                 3
   e - Regeneration                   Charms/Necromancy            3
Comestibles
 d - 16 rations


   Skills:
 - Level 2.0 Fighting
 + Level 6.7 Polearms
 * Level 6.1 Armour
 - Level 6.0 Dodging
 - Level 0.6 Stealth
 - Level 5.0 Spellcasting
 + Level 5.2 Charms
 * Level 3.8 Evocations


You had 15 spell levels left.
You knew the following spells:

 Your Spells              Type           Power        Failure   Level  Hunger
a - Infusion              Chrm           ###.         1%          1    None
b - Song of Slaying       Chrm           ###.....     2%          2    #......


Dungeon Overview and Level Annotations

Branches:
Dungeon (8/15)             Temple (1/1) D:7
   Lair: D:8-11

Altars:
Ashenzari
Cheibriados
Dithmenos
Elyvilon
Fedhas
Gozag
Hepliaklqana
Kikubaaqudgha
Okawaru
Qazlal
Ru
Sif Muna
Trog
Uskayaw
Vehumet
Xom
Yredelemnul
Zin
The Shining One

Shops:
D:5 *


Innate Abilities, Weirdness & Mutations

You have a pair of horns on your head.
You are mostly covered in slimy green scales. (AC +3)
You regenerate a little health from kills.
You sometimes gain power by taking damage.


Message History

The two-headed ogre hits you with a giant spiked club.
The two-headed ogre hits you with a giant club.
You hit the two-headed ogre. You headbutt the two-headed ogre.
The two-headed ogre is lightly wounded.
The two-headed ogre hits you with a giant spiked club.
The two-headed ogre misses you.
You slash the two-headed ogre! You headbutt the two-headed ogre!
The two-headed ogre is heavily wounded.
The two-headed ogre barely misses you.
The two-headed ogre hits you with a giant club!
You slash the two-headed ogre! You headbutt the two-headed ogre!
The two-headed ogre is almost dead.
Your magical infusion is running out.
The two-headed ogre barely misses you.
The two-headed ogre hits you with a giant club!!
You hit the two-headed ogre!
The two-headed ogre is almost dead.
The two-headed ogre barely misses you.
The two-headed ogre hits you with a giant club!!
You die...

......# #.......#
.........##.......#
.........##.......#
.........##.###########
.......###............#
##....................#
..####.####..........#
.. #..........# ..
#....@.....# .
#...O...=..#
.............#
...#..........#
.(.#..........# ..
#..........#
#..######### ..#


You could see a two-headed ogre.

Vanquished Creatures
  The ghost of cada the Ruffian, a novice NaTm of Cheibriados (D:7)
  The ghost of Rhok the Skirmisher, a novice OpIE of Cheibriados (D:5)
  2 hippogriffs (D:7)
  Menkaure (D:4)
  Edmund (D:6)
  An orc warrior (D:6)
  A phantom (D:4)
  Purgy (Sewer)
  A black bear (D:7)
  3 ogres (D:6)
  A centaur (D:7)
  2 big kobolds (D:3)
  2 bullfrogs
  2 scorpions
  A crimson imp (D:7)
  3 bullfrog skeletons
  2 jellies
  5 orc wizards
  2 gnoll shamans (D:6)
  3 orc priests (D:6)
  A hound (D:4)
  A centaur skeleton (D:3)
  Crazy Yiuf (D:6)
  2 iguanas
  A hell rat (D:7)
  7 worker ants
  A killer bee zombie (D:6)
  2 hound skeletons (D:4)
  A howler monkey zombie (D:5)
  13 gnolls
  16 adders
  11 river rats
  2 shadow imps
  2 oozes
  3 adder zombies
  6 worms
  2 dart slugs (D:2)
  10 leopard geckos
  26 orcs
  2 ball pythons (D:3)
  13 bats
  7 giant cockroaches
  11 goblins
  9 hobgoblins
  18 kobolds
  9 quokkas
  6 frilled lizards
  A jackal skeleton (D:4)
  A quokka zombie (D:7)
  26 rats
247 creatures vanquished.

Vanquished Creatures (collateral kills)
  An iguana (D:8)
1 creature vanquished.

Vanquished Creatures (others)
  34 bushes (D:6)
34 creatures vanquished.

Grand Total: 282 creatures vanquished

Notes
Turn   | Place    | Note
-------+----------+-------------------------------------------
     0 | D:1      | vishdafish the Demonspawn Skald began the quest for the Orb.
     0 | D:1      | Reached XP level 1. HP: 16/16 MP: 3/3
   214 | D:1      | Gained mutation: You sometimes gain a little power by taking damage. [demonic ancestry]
   214 | D:1      | Reached XP level 2. HP: 22/22 MP: 0/5
   383 | D:1      | Reached skill level 1 in Armour
   642 | D:1      | Reached XP level 3. HP: 24/27 MP: 6/6
  1911 | D:2      | Gained mutation: You have a pair of small horns on your head. [demonic ancestry]
  1911 | D:2      | Reached XP level 4. HP: 33/33 MP: 3/8
  2634 | D:3      | Noticed a big kobold
  2643 | D:3      | Killed a big kobold
  2643 | D:3      | Gained mutation: You regenerate a little health from kills. [demonic ancestry]
  2643 | D:3      | Reached XP level 5. HP: 24/38 MP: 2/9
  2995 | D:2      | Gained mutation: You sometimes gain power by taking damage. [demonic ancestry]
  2995 | D:2      | Reached XP level 6. HP: 44/44 MP: 8/11
  3557 | D:3      | Found a shattered altar of Ashenzari.
  4371 | D:4      | Noticed Menkaure
  5033 | D:5      | Entered Level 5 of the Dungeon
  5035 | D:5      | Noticed Rhok's ghost (novice OpIE)
  5272 | D:5      | Gained mutation: You have a pair of horns on your head. [demonic ancestry]
  5272 | D:5      | Reached XP level 7. HP: 48/50 MP: 9/13
  5831 | D:6      | Found a glowing silver altar of Zin.
  5831 | D:6      | Noticed an angel
  5886 | D:6      | Found a deep blue altar of Sif Muna.
  5999 | D:6      | Found a runed door.
  6138 | D:6      | Found a stormy altar of Qazlal.
  6236 | D:6      | Reached skill level 5 in Polearms
  6248 | D:6      | Found a glowing drain.
  6253 | Sewer    | Entered a sewer
  6394 | Sewer    | Noticed Purgy
  6403 | Sewer    | Killed Purgy
  6403 | Sewer    | Reached skill level 5 in Spellcasting
  6560 | D:6      | Gained mutation: You are partially covered in slimy green scales. (AC +2) [demonic ancestry]
  6560 | D:6      | Reached XP level 8. HP: 48/56 MP: 15/15
  6647 | D:6      | Reached skill level 5 in Dodging
  6768 | D:6      | Noticed Edmund
  6781 | D:6      | Killed Edmund
  6852 | D:6      | Learned a level 2 spell: Song of Slaying
  7821 | D:4      | Found an ancient bone altar of Kikubaaqudgha.
  7842 | D:4      | Gained mutation: You are mostly covered in slimy green scales. (AC +3) [demonic ancestry]
  7842 | D:4      | Reached XP level 9. HP: 57/61 MP: 16/16
  7914 | D:4      | Found a radiant altar of Vehumet.
  7979 | D:4      | Killed Menkaure
  8125 | D:5      | Killed Rhok's ghost
  8239 | D:5      | Found an opulent altar of Gozag.
  8241 | D:5      | Found Gozag's Platinum Reserve.
  8456 | D:6      | Noticed Crazy Yiuf
  8465 | D:6      | Killed Crazy Yiuf
  8566 | D:7      | Reached skill level 5 in Armour
  8566 | D:7      | Reached skill level 1 in Evocations
  8576 | D:7      | Got a scorched war axe
  8577 | D:7      | Identified the +4 war axe of Contradiction {chop, rC+} (You found it on level 7 of the Dungeon)
  8667 | D:7      | Found a staircase to the Ecumenical Temple.
  8736 | D:7      | Noticed cada's ghost (novice NaTm)
  8844 | D:7      | Killed cada's ghost
  8844 | D:7      | Reached skill level 5 in Charms
  9008 | Temple   | Entered the Ecumenical Temple
  9591 | D:8      | Noticed a two-headed ogre
  9622 | D:8      | Slain by a two-headed ogre

Skill      XL: |  1  2  3  4  5  6  7  8  9 |
---------------+----------------------------+-----
Polearms       | 2 3 4 5 6 |  6.7
Charms         | 3 4 5 |  5.2
Armour         | 1 4 6 |  6.1
Dodging        | 2 3 4 5 6 |  6.0
Spellcasting   | 3 4 5 |  5.0
Evocations     | 3 |  3.8
Fighting       | |  2.0
Stealth        | |  0.6

Action                   |  1- 3 |  4- 6 |  7- 9 || total
-------------------------+-------+-------+-------++-------
Melee: Spear             |   162 |   260 |   121 ||   543
       Headbutt          |       |    47 |    90 ||   137
       Trident           |       |       |   182 ||   182
       War axe           |       |       |   122 ||   122
Throw: Javelin           |     1 |     1 |     6 ||     8
 Cast: Infusion          |     8 |    18 |    16 ||    42
       Song of Slaying   |       |       |     6 ||     6
Evoke: Wand              |       |     2 |    11 ||    13
  Use: Scroll            |     1 |     2 |       ||     3
       Potion            |       |     2 |       ||     2
 Stab: Sleeping          |     2 |     8 |     3 ||    13
       Confused          |       |       |     4 ||     4
       Distracted        |       |       |     1 ||     1
  Eat: Ration            |     1 |     1 |       ||     2
       Chunk             |       |     8 |    14 ||    22
Armor: Leather armour    |    32 |    40 |     6 ||    78
       Troll leather arm |       |       |    68 ||    68
Dodge: Dodged            |    66 |   123 |   286 ||   475
